 Dungeon Crawl Stone Soup version 0.18-a0-1014-g3bbf375 (webtiles) character file.

18 vatarom the Cudgeler (level 2, -1/22 HPs)
             Began as a Demonspawn Gladiator on Jan 6, 2016.
             Slain by a giant gecko (3 damage)
             ... on level 1 of the Dungeon.
             The game lasted 00:01:23 (397 turns).

vatarom the Cudgeler (Demonspawn Gladiator)          Turns: 397, Time: 00:01:23

Health: -1/22      AC:  4    Str: 15    XL:     2   Next: 51%
Magic:  2/2        EV: 12    Int:  9    God:
Gold:   49         SH:  0    Dex: 13    Spells: 0 memorised, 1 level left

rFire  . . .     SeeInvis .     a - +0 flail
rCold  . . .     Gourm    .     b - +0 leather armour
rNeg   . . .     Faith    .     (no shield)
rPois  .         Spirit   .     c - +0 helmet
rElec  .         Dismiss  .     (no cloak)
rCorr  .         Reflect  .     (no gloves)
SustAt .         Harm     .     (no boots)
MR     .....                    (no amulet)
Stlth  ++........               (no ring)
                                (no ring)

@: not resistant to hostile enchantments, unstealthy
A: nightstalker 1
a: no special abilities


You were on level 1 of the Dungeon.
You were not hungry.

You visited 1 branch of the dungeon, and saw 1 of its levels.

You collected 49 gold pieces.

Inventory:

Hand Weapons
 a - a +0 flail (weapon)
Missiles
 d - 3 throwing nets (quivered)
Armour
 b - a +0 leather armour (worn)
 c - a +0 helmet (worn)
Comestibles
 f - a bread ration


   Skills:
 - Level 2.0 Fighting
 + Level 3.5 Maces & Flails
 - Level 1.7 Throwing
 - Level 2.6 Dodging


You had one spell level left.
You didn't know any spells.

Dungeon Overview and Level Annotations

Branches:
Dungeon (1/15)

Altars:


Innate Abilities, Weirdness & Mutations

You are slightly more attuned to the shadows.


Message History

You closely miss the kobold. The kobold hits you.
You hit the giant gecko.
The giant gecko is almost dead.
The kobold hits you but does no damage. The giant gecko bites you.
The kobold completely misses you.
You closely miss the giant gecko.
The giant gecko is almost dead.
The giant gecko misses you. The kobold hits you.
The kobold hits you with a short sword. The giant gecko bites you.
The kobold hits you.
* * * LOW HITPOINT WARNING * * *
The kobold hits you with a short sword.
* * * LOW HITPOINT WARNING * * *
The kobold closely misses you. The giant gecko closely misses you.
Unknown command.
You barely miss the giant gecko.
The giant gecko is almost dead.
The giant gecko closely misses you. The giant gecko bites you.
You die...

..#........##
.........#.## #.........
.#..........## #.........
....####.##..# #.........
...)####.###.# #.........
#...†........###.........
.........###.............
.######### ##...#l.......
[# ###.@K†......
########### ##.K.......
..........# #.........
........).# #.........
..........# #.........
..........# ##........
..........# ##......
..........# ).........#


You could see a giant gecko and 2 kobolds.

Vanquished Creatures
  A giant gecko (D:1)
  4 goblins (D:1)
  4 hobgoblins (D:1)
  2 bats (D:1)
  2 giant newts (D:1)
  3 rats (D:1)
16 creatures vanquished.

Notes
Turn   | Place    | Note
--------------------------------------------------------------
     0 | D:1      | vatarom the Demonspawn Gladiator began the quest for the Orb.
     0 | D:1      | Reached XP level 1. HP: 16/16 MP: 1/1
     0 | D:1      | Noticed a purple draconian
     0 | D:1      | Noticed an orb of fire
     1 | D:1      | Noticed an orb of fire
     1 | D:1      | Noticed a large abomination
     3 | D:1      | Noticed a yellow draconian
     3 | D:1      | Noticed a shadow dragon
     5 | D:1      | Noticed an orb of fire
     6 | D:1      | Noticed an ice dragon
     8 | D:1      | Noticed an orb of fire
    10 | D:1      | Noticed a tentacled monstrosity
    13 | D:1      | Noticed a shadow dragon
    15 | D:1      | Noticed a tentacled monstrosity
    15 | D:1      | Noticed a large abomination
    17 | D:1      | Noticed a large abomination
    17 | D:1      | Noticed a shadow dragon
    17 | D:1      | Noticed a green draconian
    19 | D:1      | Noticed an ice dragon
    19 | D:1      | Noticed a large abomination
    53 | D:1      | Reached skill level 3 in Maces & Flails
    59 | D:1      | Gained mutation: You are slightly more attuned to the shadows. [demonic ancestry]
    59 | D:1      | Reached XP level 2. HP: 9/22 MP: 2/2
   397 | D:1      | Slain by a giant gecko

Vault maps used:
D:1:      shiori_arrival_whats_in_store_for_you

Action                   || total
-------------------------++-------
Melee: Flail             ||    38
 Stab: Sleeping          ||     3
